cohdb
Replays
Latest Replays
All Replays
Popular Replays
Top Player Replays
Match Explorer
How It Works
Community
CoH3 Stats
Reddit
Sign in to upload your games and track your stats! →
Sign in with Steam
Match 43217543
Unlisted
Match 43217543
Overview
Messages
Build Orders
End
Kradschützen Motorcycle Team
Selects Italian Combined Arms Battlegroup
Selects Bersaglieri Squad
Bersaglieri Squad
Bersaglieri Squad
Selects Bersaglieri Bolster
Bersaglieri Squad
Construct Light Support Kompanie
Fire Support Elements
Pak 38 Mechanized Group
Flakvierling Half-track
Selects Breda Model 30 Light Machine Guns
Construct Panzerarmee Kommand
Emergency Repair Kits
MrGlaucus
Discoverer
Steyrc
masterzikko
0
0
Comments
sign in to comment!
No comments posted yet!